 Dungeon Crawl Stone Soup version 0.29.1-12-g30fa7ad0bf (webtiles) character file.

Game seed: 7918403310842153984

1030 MisterFreud the Twirler (level 8, -9/62 HPs)
             Began as a Formicid Gladiator on Dec 15, 2022.
             Mangled by a manticore (10 damage)
             ... on level 7 of the Dungeon.
             The game lasted 00:06:55 (6383 turns).

MisterFreud the Twirler (Formicid Gladiator)        Turns: 6383, Time: 00:06:56

Health: -9/62      AC:  6    Str: 20    XL:     8   Next: 47%
Magic:  8/8        EV: 12    Int:  9    God:
Gold:   133        SH:  0    Dex: 17    Spells: 7/7 levels left

rFire   . . .      SeeInvis +   s - +8 long sword "Vauqik Fumom" {drain, rC+ Dex+2}
rCold   + . .      Faith    .   (no shield)
rNeg    . . .      Spirit   .   g - +3 leather armour of the Bells {Stlth+}
rPois   .          Reflect  .   (helmet unavailable)
rElec   .          Harm     .   (no cloak)
rCorr   .          Rampage  .   (no gloves)
Will    .....                   (no boots)
Stlth   ++........              (no amulet)
HPRegen 0.20/turn               (no ring)
MPRegen 0.11/turn               (no ring)

@: spiked
A: permanent stasis, dig shafts and tunnels, antennae 3, four strong arms
a: Dig, Shaft Self


You were on level 7 of the Dungeon.
You visited 1 branch of the dungeon, and saw 8 of its levels.

You collected 133 gold pieces.

Inventory:

Hand Weapons
 a - a +0 quarterstaff
 s - the +8 long sword "Vauqik Fumom" (weapon) {drain, rC+ Dex+2}
   (You found it on level 7 of the Dungeon)

   A truly terrible weapon, it drains the life of any living foe it strikes.
   Dex:       It affects your dexterity (+2).
   rC:        It protects you from cold.
Missiles
 c - 2 throwing nets
 d - a javelin
 k - 10 poisoned darts (quivered)
 l - 8 boomerangs
 r - 2 curare-tipped darts
Armour
 b - a +0 leather armour
 g - the +3 leather armour of the Bells (worn) {Stlth+}
   (You found it on level 7 of the Dungeon)

   Stlth:     It makes you more stealthy.
Wands
 v - a wand of digging (3)
Scrolls
 e - a scroll of blinking {unknown}
 f - 2 scrolls of identify
 h - a scroll of amnesia
 m - 2 scrolls of immolation {unknown}
 p - a scroll of fog
 q - a scroll of magic mapping {unknown}
Potions
 i - a potion of curing {unknown}
 j - a potion of cancellation {unknown}
 n - a potion of degeneration {unknown}
 o - 2 potions of might {unknown}
 t - a potion of heal wounds
 u - a potion of haste {unknown}


   Skills:
 - Level 5.0 Fighting
 + Level 5.6 Long Blades
 - Level 6.0 Staves
 - Level 2.0 Throwing
 - Level 3.0 Armour
 - Level 2.6 Dodging


You had 7 spell levels left.
You didn't know any spells.
Your spell library contained the following spells:

 Spells                   Type           Power      Damage    Failure   Level
 Sandblast                Erth           0%         2d4       43%         1
 Passwall                 Tmut/Erth      0%         N/A       56%         2
 Stone Arrow              Conj/Erth      0%         3d7       80%         3
 Summon Guardian Golem    Hex/Summ       0%         N/A       80%         3
 Orb of Destruction       Conj           0%         9d5       100%        7
 Spellforged Servitor     Conj/Summ      0%         N/A       100%        7


Dungeon Overview and Level Annotations

Branches:
Dungeon (8/15)
 Temple: D:4-7         Lair: D:8-11

Altars:
Uskayaw

Shops:
D:1 *   D:3 (

Annotations:
D:4 Eustachio
D:5 Menkaure


Innate Abilities, Weirdness & Mutations

You cannot be hasted, slowed, berserked, paralysed or teleported.
You can dig through walls and to a lower floor.
You have a pair of large antennae on your head. (SInv)
Your four strong arms can wield two-handed weapons with a shield.


Message History

The water moccasin closely misses you.
You closely miss the water moccasin.
The water moccasin is moderately wounded.
The water moccasin bites you.
The water moccasin bites you but does no damage.
You slash the water moccasin! You drain the water moccasin.
You kill the water moccasin!
The orc priest calls down the wrath of Beogh upon you.
Beogh smites you!
The manticore flicks its tail.
The volley of spikes hits you!!
The barbed spikes become lodged in your body.
Unknown command.
Unknown command.
Unknown command.
Unknown command.
Okay, then.
The barbs in your skin will harm you if you move.
Continue?
Okay, then.
Unknown command.
Okay, then.
Unknown command.
Okay, then.
Unknown command.
Unknown command.
Throw: 10 darts (poison)
Press: ? - help, Shift-Dir - straight line, f - manticore
Aim: a manticore (73% to hit)
Okay, then.
Unknown command.
The barbs in your skin will harm you if you move.
Continue?
Are you sure you want to shaft yourself?
You begin to dig a shaft.
You continue digging a shaft.
The orc priest looks satisfied for a moment.
The manticore bites you!!
* * * LOW HITPOINT WARNING * * *
The manticore claws you.
* * * LOW HITPOINT WARNING * * *
The manticore claws you!
You die...

.# #...............# #... .#
#.####.....####.# #.[.
.########.# ##...##{ #.# #...
.......##.#{ ##.## { #.# #...
.......##.##{ {#.#{ {##.# #...
.......##..##{+#.#+ ##..# #...
|......##...###...###...## #...
.......†........8........#####...
.......##...###.@H###............
.......##..##{+#)#Fo##..######...
#########.## {{#.#...##.# ###.
..# #.# ##.##...#.# #† #.#### #.#
##...##.:#.# #.
#....####.####.....####.# #.
####...##...............# #.
###................### #.
############...#.# #.


You could see a manticore, a bullfrog and an orc priest.

Vanquished Creatures
  A hornet (D:7)
  A water moccasin (D:7)
  A black bear (D:7)
  2 ogres
  A necrophage (D:6)
  2 scorpions
  A howler monkey (D:6)
  An orc priest (D:3)
  2 hounds (D:6)
  An iguana (D:3)
  3 adders
  An ufetubus (D:4)
  A worm (D:3)
  4 dart slugs
  16 orcs
  3 bats
  11 endoplasms
  3 giant cockroaches
  2 hobgoblins
  3 jackals (D:2)
  3 kobolds
  3 quokkas
  8 ball pythons
  5 frilled lizards
  11 goblins
  4 rats
94 creatures vanquished.

Notes
Turn   | Place    | Note
-------+----------+-------------------------------------------
     0 | D:1      | MisterFreud the Formicid Gladiator began the quest for the
                  | Orb.
     0 | D:1      | Reached XP level 1. HP: 16/16 MP: 1/1
   121 | D:1      | Found Jaet's General Store.
   331 | D:1      | Reached XP level 2. HP: 20/22 MP: 2/2
   892 | D:1      | Reached skill level 4 in Staves
   892 | D:1      | Reached XP level 3. HP: 20/27 MP: 3/3
  1732 | D:2      | Found a faded altar of an unknown god.
  1815 | D:2      | Reached XP level 4. HP: 30/33 MP: 4/4
  2393 | D:3      | Reached skill level 5 in Staves
  2440 | D:3      | Reached XP level 5. HP: 34/38 MP: 5/5
  2510 | D:3      | Found Quxzor's Antique Weapon Shoppe.
  3230 | D:3      | Found a hide-covered altar of Uskayaw.
  3790 | D:4      | Noticed Eustachio
  3831 | D:3      | Reached skill level 6 in Staves
  4303 | D:4      | Noticed an orc warrior
  4311 | D:4      | HP: 1/39 [orc warrior/bolt (15)]
  4312 | D:4      | You fall into a shaft and drop 2 floors!
  4631 | D:6      | Reached XP level 6. HP: 40/47 MP: 6/6
  4707 | D:6      | Noticed an ogre
  4787 | D:6      | Killed an ogre
  4812 | D:5      | Entered Level 5 of the Dungeon
  4959 | D:5      | Reached skill level 5 in Fighting
  4959 | D:5      | Reached XP level 7. HP: 45/56 MP: 7/7
  5034 | D:5      | Reached skill level 1 in Armour
  5046 | D:5      | Noticed Menkaure
  5287 | D:5      | You fall into a shaft and drop 2 floors!
  5659 | D:7      | Identified the +3 leather armour of the Bells {Stlth+}
  5712 | D:7      | Identified the +8 long sword "Vauqik Fumom" {drain, rC+
                  | Dex+2}
  6034 | D:7      | Noticed a hornet
  6042 | D:7      | Killed a hornet
  6043 | D:7      | Reached XP level 8. HP: 31/62 MP: 8/8
  6364 | D:7      | Noticed a manticore
  6374 | D:7      | Reached skill level 5 in Long Blades
  6383 | D:7      | HP: 2/62 [manticore (21)]
  6383 | D:7      | Mangled by a manticore

Illustrated notes

Levels and vault maps discovered:
D:1:      spicycebolla_arrival_risky_transporter, layout_loops_ring,
          serial_glass, glass_columns_b, glass_columns_c, serial_shops, shop
D:2:      layout_basic, hellmonk_ecumenical_altar_arch_garden
D:3:      layout_loops_ring, mainiacjoe_overflow_alcove_1, serial_shops,
          nicolae_shop_window_shopping
D:4:      layout_rooms, overflow_temple_1_default, uniq_duvessa, uniq_eustachio
D:5:      layout_loops_cross, nicolae_overflow_hidden_temple,
          mainiacjoe_overflow_small_starburst, zin_statuary,
          trog_butcher_becter, minmay_temple_entry_purple_smoke,
          ebering_ghost_reflecting_pool, reono_crystal_passage,
          kennysheep_generic_room_11, uniq_menkaure
D:6:      layout_gridville, old_standard_altar, uniq_edmund
D:7:      cheibrodos_barr_body, layout_basic
D:8:      layout_cave_pools, lemuel_crystal_altar,
          mainiacjoe_overflow_six_doors_small, serial_glass, glass_columns_a,
          glass_columns_a, kennysheep_generic_room_6

Skill      XL: |  1  2  3  4  5  6  7  8 |
---------------+-------------------------+-----
Staves         | 4 5 6 |  6.0
Fighting       | 3 5 |  5.0
Armour         | 3 |  3.0
Long Blades    | 3 5 |  5.6
Throwing       | |  2.0
Dodging        | |  2.6

Action                   |  1- 3 |  4- 6 |  7- 9 || total
-------------------------+-------+-------+-------++-------
Melee: Quarterstaff      |    91 |   154 |    25 ||   270
       Punch             |     1 |     3 |       ||     4
       Long sword        |       |       |    31 ||    31
Throw: Throwing net      |       |     1 |       ||     1
       Dart              |       |       |     1 ||     1
 Abil: Shaft Self        |       |     1 |     2 ||     3
  Use: Scroll            |     4 |     2 |       ||     6
       Potion            |       |     1 |     1 ||     2
 Stab: Sleeping          |     1 |       |       ||     1
       Held in net/web   |       |     1 |       ||     1
Armor: Leather armour    |    26 |    32 |    12 ||    70
Dodge: Dodged            |    71 |    95 |    49 ||   215
